 Dungeon Crawl Stone Soup version 0.19-a0-823-gd955774 (webtiles) character file.

37 JeffiDaFish the Sneak (level 3, -4/16 HPs)
             Began as a Vine Stalker Enchanter on June 30, 2016.
             Slain by a gnoll
             ... wielding a +0 whip
              (10 damage)
             ... on level 2 of the Dungeon.
             The game lasted 00:20:07 (1935 turns).

JeffiDaFish the Sneak (Vine Stalker Enchanter)      Turns: 1935, Time: 00:20:08

Health: -4/16      AC:  3    Str: 10    XL:     3   Next: 41%
Magic:  0/7        EV: 12    Int: 16    God:
Gold:   96         SH:  0    Dex: 14    Spells: 3 memorised, 0 levels left

rFire  . . .     SeeInvis .     a - +1 dagger
rCold  . . .     Gourm    .     b - +1 robe
rNeg   . . .     Faith    .     (no shield)
rPois  .         Spirit   +     (no helmet)
rElec  .         Dismiss  .     (no cloak)
rCorr  .         Reflect  .     (no gloves)
SustAt .         Harm     .     (no boots)
MR     .....                    (no amulet)
Stlth  +++.......               (no ring)
                                (no ring)

@: very slightly contaminated, not resistant to hostile enchantments, fairly
stealthy
A: fangs 2, regeneration 1, magic shield, antimagic bite, no device heal 3, rot
immunity
a: no special abilities


You were on level 2 of the Dungeon.
You were not hungry.

You visited 1 branch of the dungeon, and saw 2 of its levels.

You collected 96 gold pieces.

Inventory:

Hand Weapons
 a - a +1 dagger (weapon)
 l - a +0 spear
Missiles
 i - 49 bolts
Armour
 b - a +1 robe (worn)
Scrolls
 e - a scroll of identify
 g - a scroll of recharging {unknown}
 h - a scroll of teleportation {unknown}
 j - a scroll of random uselessness {unknown}
 k - a scroll of enchant weapon {unknown}
Books
 c - a book of Maledictions

   Spells                             Type                      Level
   a - Corona                         Hexes                        1
   b - Ensorcelled Hibernation        Hexes/Ice                    2
   c - Confuse                        Hexes                        3
   d - Tukima's Dance                 Hexes                        3
   e - Dazzling Spray                 Conjuration/Hexes            3
Comestibles
 d - a bread ration
 f - a chunk of flesh


   Skills:
 + Level 1.0 Short Blades
 + Level 1.9 Dodging
 + Level 4.2 Stealth
 + Level 2.3 Spellcasting
 + Level 3.5 Hexes
 + Level 0.2 Ice Magic


You couldn't memorise any spells.
You knew the following spells:

 Your Spells              Type           Power        Failure   Level  Hunger
a - Corona                Hex            ##.....      6%          1    #......
b - Ensorcelled Hibernat  Hex/Ice        #.....       17%         2    ###....
c - Confuse               Hex            ##......     14%         3    ###....


Dungeon Overview and Level Annotations

Branches:
Dungeon (2/15)

Altars:
Fedhas


Innate Abilities, Weirdness & Mutations

You have extremely sharp teeth.
Your natural rate of healing is unusually fast.
When hurt, damage is shared between your health and your magic reserves.
Your bite disrupts and absorbs the magic of your enemies.
Potions and wands cannot restore your health.
You are immune to rotting.


Message History

You miscast Ensorcelled Hibernation.
You are very lightly contaminated with residual magic.
Nothing appears to happen.
The gnoll seems less confused.
You see here 12 stones.
The gnoll misses you.
You barely miss the gnoll. Your bite misses the gnoll.
The gnoll is heavily wounded.
The gnoll hits you.
Unknown command.
Casting: Ensorcelled Hibernation
Confirm with . or Enter, or press ? or * to list all spells.
You don't have enough magic to cast that spell.
Casting: Ensorcelled Hibernation
Confirm with . or Enter, or press ? or * to list all spells.
You don't have enough magic to cast that spell.
You closely miss the gnoll.
The gnoll is lightly wounded.
The gnoll hits you with a whip!
Ouch! That really hurt!
You die...

#.#
#.##........#
#.### #.#
#.##........# ..
#.#
#.##(......##
#.# #.###.....##
#.######.#
#######
##........#
##.############
#'## #.#
#.###########@##
#............gg#
##############g#
#.# #g## #..#
##.# #..# ##...


You could see 4 gnolls.

Vanquished Creatures
  An adder (D:2)
  A dart slug (D:1)
  2 giant geckos (D:1)
  2 giant cockroaches (D:1)
  2 goblins (D:1)
  5 hobgoblins
  4 bats (D:1)
  A giant newt (D:1)
  6 kobolds
  4 fungi (D:1)
28 creatures vanquished.

Notes
Turn   | Place    | Note
--------------------------------------------------------------
     0 | D:1      | JeffiDaFish the Vine Stalker Enchanter began the quest for the Orb.
     0 | D:1      | Reached XP level 1. HP: 9/9 MP: 4/4
   420 | D:1      | Reached XP level 2. HP: 10/13 MP: 4/6
   424 | D:1      | Learned a level 2 spell: Ensorcelled Hibernation
   592 | D:1      | Reached skill level 1 in Short Blades
  1106 | D:1      | Reached skill level 4 in Stealth
  1190 | D:1      | Reached XP level 3. HP: 16/16 MP: 4/7
  1195 | D:1      | Learned a level 3 spell: Confuse
  1792 | D:2      | Found a blossoming altar of Fedhas.
  1935 | D:2      | Slain by a gnoll

Vault maps used:
D:1:      dpeg_arrival_water_fire
D:2:      fedhas_altar_3, kennysheep_pointless_box

Skill      XL: |  1  2 |
---------------+-------+-----
Short Blades   | 1 |  1.0
Stealth        | 4 |  4.2
Dodging        | |  1.9
Spellcasting   | |  2.3
Hexes          | |  3.5
Ice Magic      | |  0.2

Action                   || total
-------------------------++-------
Melee: Dagger            ||   107
       Bite              ||    50
       Spear             ||    43
 Cast: Corona            ||     2
       Ensorcelled Hiber ||    23
       Confuse           ||     2
  Use: Scroll            ||     2
 Stab: Sleeping          ||    12
  Eat: Chunk             ||     2
       Meat ration       ||     1
Armor: Robe              ||    17
Dodge: Dodged            ||    57
